 Dungeon Sprint DCSS version 0.29-a0-982-gaed3a0c8d8 (webtiles) character file.

Game seed: 13736306558154668495

109466483 ragingrage the Conqueror (level 21, 222/224 HPs)
             Began as a Minotaur Gladiator on Aug 1, 2022.
             Was the Champion of Okawaru.
             Escaped with the Orb
             ... and 17 runes!
             The game lasted 00:32:26 (16668 turns).

ragingrage the Conqueror (Minotaur Gladiator)      Turns: 16668, Time: 00:32:27

Health: 222/224    AC: 48    Str: 31    XL:     21   Next: 34%
Magic:  45/46      EV: 24    Int:  8    God:    Okawaru [******]
Gold:   854        SH:  5    Dex: 21    Spells: 56/56 levels left

rFire   + + .      SeeInvis +   a - +10 glaive of Overwhelming Force {holy, rElec Will+ rCorr Str+6}
rCold   + + +      Faith    .   (shield currently unavailable)
rNeg    + . .      Spirit   .   r - +12 gold dragon scales
rPois   +          Reflect  +   q - +0 hat {Int+3}
rElec   +          Harm     .   N - +2 cloak {rCorr}
rCorr   +          Rampage  +   C - +0 pair of gloves {infuse}
Will    +++..      Rage     3%  E - +1 pair of boots {rampage}
Stlth   ++........ NoTele   +   R - amulet "Koxyigh" {Reflect rN+ Dex+4 SH+5}
HPRegen 0.47/turn               B - ring "Ryivoal" {rElec rF+ rC++ MP+9 Dex-2}
MPRegen 0.30/turn               J - ring of Muste {Will+ rCorr SInv}

@: no status effects
A: horns 2, retaliatory headbutt, thin skeletal structure 1, berserk 1, low MP
1, screaming 1
0: Orb of Zot
}: 17/17 runes: decaying, serpentine, barnacled, slimy, elven, silver, golden,
iron, obsidian, icy, bone, abyssal, glowing, magical, fiery, dark, gossamer
a: Renounce Religion, Heroism, Finesse


You escaped.
You worshipped Okawaru.
Okawaru was exalted by your worship.
You visited 1 branch You collected 2056 gold pieces.
You spent 1202 gold pieces at shops.

Inventory:

Hand Weapons
 a - the +10 glaive of Overwhelming Force (weapon) {holy, rElec Will+ rCorr Str+6}
   (Okawaru gifted it to you in the Dungeon)

   It has been blessed by the Shining One to cause great damage to the undead
   and demons.
   Str:       It affects your strength (+6).
   rElec:     It insulates you from electricity.
   rCorr:     It protects you from acid and corrosion.
   Will:      It increases your willpower.
 b - a +2 bardiche of electrocution
 j - a +3 battleaxe of flaming
 n - a +5 triple crossbow of flaming
 o - the +7 sceptre of Asmodeus
   (You took it off Asmodeus in the Dungeon)

   It can be evoked to summon fiery demons, with success rate depending on
   Evocations skill.
   Those summoned this way will remain friendly only for a limited time.
 A - a +0 vampiric bardiche
Missiles
 d - 5 throwing nets
 e - 23 javelins
 p - 22 silver javelins (quivered)
 x - 26 atropa-tipped darts
 L - 12 datura-tipped darts
Armour
 q - a +0 hat of intelligence (worn)
 r - +12 gold dragon scales (worn)
 C - a +0 pair of gloves of infusion (worn)
 E - a +1 pair of boots of rampaging (worn)
 N - a +2 cloak of preservation (worn)
Jewellery
 w - a +6 ring of strength
 B - the ring "Ryivoal" (left hand) {rElec rF+ rC++ MP+9 Dex-2}
   (You took it off a fire giant in the Dungeon)

   [ring of protection from fire]

   Dex:       It affects your dexterity (-2).
   rF:        It protects you from fire.
   rC:        It greatly protects you from cold.
   rElec:     It insulates you from electricity.
   MP:        It affects your magic capacity (+9).
 F - a ring of ice
 J - the ring of Muste (right hand) {Will+ rCorr SInv}
   (You found it in the Dungeon)

   [ring of resist corrosion]

   SInv:      It lets you see invisible.
   rCorr:     It protects you from acid and corrosion.
   Will:      It increases your willpower.
 K - a +4 ring of protection
 R - the amulet "Koxyigh" (around neck) {Reflect rN+ Dex+4 SH+5}
   (You found it in the Dungeon)

   [amulet of reflection]

   It reflects blocked missile attacks.
   Dex:       It affects your dexterity (+4).
   rN:        It protects you from negative energy.
   SH:        It affects your SH (+5).
 S - the ring of Ynoy {rF+ Int+3}
   (You found it in the Dungeon)

   [ring of protection from fire]

   Int:       It affects your intelligence (+3).
   rF:        It protects you from fire.
 T - the amulet "Guaw Doa" {rElec Regen+ rCorr Dex+3 Slay+2}
   (You found it in the Dungeon)

   [amulet of regeneration]

   Dex:       It affects your dexterity (+3).
   Slay:      It affects your accuracy & damage with ranged weapons and melee
   (+2).
   rElec:     It insulates you from electricity.
   Regen:     It increases your rate of health regeneration.
   rCorr:     It protects you from acid and corrosion.
Wands
 m - a wand of roots (7)
 M - a wand of acid (11)
Scrolls
 k - 5 scrolls of blinking
 l - 2 scrolls of amnesia
 u - 4 scrolls of fog
 z - 5 scrolls of identify
 H - 5 scrolls of fear
 P - a scroll of brand weapon
 Q - a scroll of poison
Potions
 f - 7 potions of curing
 g - 13 potions of heal wounds
 h - 9 potions of haste
 i - 9 potions of magic
 s - a potion of might
 t - 5 potions of berserk rage
 v - a potion of mutation
 G - 4 potions of brilliance
Miscellaneous
 I - a tin of tremorstones (2/2)


   Skills:
 O Level 27 Fighting
 O Level 27 Polearms
 O Level 27 Ranged Weapons
 O Level 27 Throwing
 O Level 27 Armour
 O Level 27 Dodging
 O Level 27 Stealth
 O Level 27 Unarmed Combat
 + Level 18.2 Spellcasting
 O Level 27 Invocations
 O Level 27 Evocations


You had 56 spell levels left.
You didn't know any spells.
Your spell library contained the following spells:

 Spells                   Type           Power      Damage    Failure   Level
 Foxfire                  Conj/Fire      28%        2x1d5     34%         1
 Swiftness                Air            7%         N/A       71%         3
 Ignition                 Fire           3%         3d4       100%        8


Dungeon Overview and Level Annotations

Branches:
Dungeon (1/1)

Altars:
Cheibriados
Dithmenos
Elyvilon
Fedhas
Gozag
Hepliaklqana
Kikubaaqudgha
Makhleb
Nemelex Xobeh
Okawaru
Qazlal
Ru
Sif Muna
Trog
Uskayaw
Vehumet
Wu Jian
Xom
Yredelemnul
Zin
The Shining One
Jiyva
Lugonu

Shops:
D ?=[(


Innate Abilities, Weirdness & Mutations

You have a pair of horns on your head.
You reflexively headbutt those who attack you in melee.
You have a somewhat thin skeletal structure. (Dex +2, Stealth+)
You sometimes lose your temper in combat.
Your magical capacity is low. (-10% MP)
You occasionally shout uncontrollably at your foes.


Message History

You see here a +0 club.
p - 22 silver javelins (gained 2)
You see here a +0 club.
You start resting.
There is an open door to the Dungeon here.
You see here a +2 robe.
You start resting.
Magic restored.
You start resting.
HP restored.
There is a staircase leading out of the dungeon, spattered with blood here.
You start waiting.
Done waiting.
You start waiting.
An Orb Guardian comes into view.
You rampage towards the Orb Guardian!
You rampage towards the Orb Guardian!
The Orb Guardian hits you but does no damage.
There is an open door to the Dungeon here.
You slice the Orb Guardian!! You headbutt the Orb Guardian.
The Orb Guardian is moderately wounded.
The Orb Guardian closely misses you. You furiously retaliate!
You headbutt the Orb Guardian! You slice the Orb Guardian!!
Your headbutt misses the Orb Guardian.
The Orb Guardian is severely wounded.
The Orb Guardian hits you.
You carve the Orb Guardian like a ham!!!
You kill the Orb Guardian!
Okawaru accepts your kill.
You have mastered Ranged Weapons!
Your Spellcasting skill increases to level 18!
No target in view!
No target in view!
No target in view!
No target in view!
No target in view!
No target in view!
You see here a +2 robe.
There is a staircase leading out of the dungeon, spattered with blood here.
You have escaped!

▓▓▓▓▓▓▓▓▓▓▓▓▓▓▓▓▓▓
...▓...▓...▓...▓@▓
.▓.▓.▓.▓.▓.▓.▓.▓.▓
.▓.▓.▓.▓.▓.▓.▓.▓.▓
.▓.▓.▓.▓.▓.▓.▓.▓[▓
.▓.▓.▓.▓.▓.▓.▓.▓'▓
.▓.▓.▓.▓.▓.▓.▓.▓.▓
.▓.▓.▓.▓.▓.▓.▓.▓)▓
.▓.▓.▓.▓.▓.▓'▓.▓.▓
.▓.▓.▓.▓.▓.▓.▓.▓.▓


There were no monsters in sight!

Vanquished Creatures
  Cerebov (D)
  Antaeus (D)
  Asmodeus (D)
  the Royal Jelly (D)
  Ereshkigal (D)
  Gloorx Vloq (D)
  Mnoleg (D)
  Lom Lobon (D)
  Dispater (D)
  6 ancient liches (D)
  Mara (D)
  5 orbs of fire (D)
  Mennas (D)
  Sojobo (D)
  Boris (twice) (D)
  6 royal mummies (D)
  Frederick (D)
  A curse toe (D)
  A caustic shrike (D)
  4 golden dragons (D)
  Geryon (D)
  A pandemonium lord (D)
  Nikola (D)
  A bone dragon (D)
  2 electric golems (D)
  2 Brimstone Fiends (D)
  2 Ice Fiends (D)
  4 tentacled monstrosities (D)
  4 Hell Sentinels (D)
  34 Orb Guardians (D)
  4 deep elf blademasters (D)
  2 quicksilver dragons (D)
  6 acid blobs (D)
  5 liches (D)
  3 death cobs (D)
  A tentacled starspawn (D)
  Agnes (D)
  13 sphinxes (D)
  8 shadow dragons (D)
  3 tengu reavers (D)
  4 azure jellies (D)
  A storm dragon (D)
  2 draconian monks (D)
  6 nagarajas (D)
  Ilsuiw (D)
  7 draconian knights (D)
  4 frost giants (D)
  8 emperor scorpions (D)
  A deep elf sorcerer (D)
  2 fire giants (D)
  An orc warlord (D)
  8 rockslimes (D)
  A vault warden (D)
  A draconian scorcher (D)
  Louise (D)
  3 balrugs (D)
  2 draconian shifters (D)
  2 ghost moths (D)
  2 demonspawn corrupters (D)
  8 stone giants (D)
  2 draconian annihilators (D)
  4 quicksilver oozes (D)
  A reaper (D)
  3 very ugly things (D)
  3 ironbound preservers (D)
  A draconian stormcaller (D)
  A deep elf demonologist (D)
  2 purple draconians (D)
  2 black draconians (D)
  8 vampire knights (D)
  Nessos (D)
  A green draconian (D)
  2 deep elf annihilators (D)
  2 starcursed masses (D)
  2 white draconians (D)
  A lorocyproca (D)
  A spark wasp (D)
  A red draconian (D)
  2 yellow draconians (D)
  3 deep elf death magi (D)
  5 merfolk javelineers (D)
  4 ettins (D)
  3 blizzard demons (D)
  4 mummy priests (D)
  Snorg (D)
  8 fire dragons (D)
  2 merfolk impalers (D)
  A shambling mangrove (D)
  A yaktaur captain (D)
  3 deep elf high priests (D)
  3 rakshasas (D)
  Harold (D)
  2 great orbs of eyes (D)
  3 ice dragons (D)
  26 vault guards (D)
  A ghost crab (D)
  7 hydras (D)
  A salamander tyrant (D)
  2 merfolk avatars (D)
  An ironbound frostheart (D)
  A hydra (shapeshifter) (D)
  Erica (D)
  An anaconda (D)
  A centaur warrior (D)
  A two-headed ogre (D)
  A death yak (D)
  A deep troll earth mage (D)
  A satyr (D)
  An alligator snapping turtle (D)
  A merfolk aquamancer (D)
  An orc high priest (D)
  A shock serpent (D)
  A deep troll shaman (D)
  11 sun demons (D)
  Urug (D)
  A sun moth (D)
  12 spriggans (D)
  2 large abominations (D)
  A wretched star (D)
  A glowing orange brain (D)
  A pharaoh ant (D)
  2 skeletal warriors (D)
  2 steelbarb worms (D)
  A sea snake (D)
  5 swamp dragons (D)
  2 shadow demons (D)
  4 ironbound convokers (D)
  5 wizards (D)
  2 phantasmal warriors (D)
  A deep elf pyromancer (D)
  2 lindwurms (D)
  3 orc knights (D)
  A harpy (D)
  4 orc sorcerers (D)
  2 wolf spiders (D)
  2 manticores (D)
  2 ugly things (D)
  3 cyclopes (D)
  A cyclops (shapeshifter) (D)
  3 will-o-the-wisps (D)
  10 moths of wrath (D)
  An elephant (D)
  A rust devil (D)
  3 black mambas (D)
  3 vault sentinels (D)
  Maurice (D)
  4 naga magi (D)
  5 guardian serpents (D)
  3 cane toads (D)
  2 smoke demons (D)
  2 hellions (D)
  A demonic crawler (D)
  A gargoyle (D)
  3 komodo dragons (D)
  A torpor snail (D)
  A hellwing (D)
  A tormentor (D)
  An ice devil (D)
  2 efreet (D)
  18 guardian mummies (D)
  A wandering mushroom (D)
  4 merfolk (D)
  A hornet (D)
  A polar bear (D)
  2 tyrant leeches (D)
  A blink frog (D)
  A tarantella (D)
  A wind drake (D)
  2 slime creatures (D)
  A dream sheep (D)
  2 jumping spiders (D)
  A water elemental (D)
  A ynoxinul (D)
  2 yaks (D)
  A basilisk (D)
  2 redbacks (D)
  6 golden eyes (D)
  2 wargs (D)
  2 vampire mosquitoes (D)
  A naga (D)
  An acid dragon (D)
  2 floating eyes (D)
  2 hell hounds (D)
  9 orc warriors (D)
  An ogre (D)
  4 wolves (D)
  3 bullfrogs (D)
  A wight (D)
  A howler monkey (D)
  A small abomination (D)
  A jelly (D)
  A hound (D)
  6 orc priests (D)
  An iguana (D)
  11 orc wizards (D)
  An adder (D)
  7 orcs (D)
  A bat zombie (D)
  An endoplasm (D)
  A goblin (D)
  A frilled lizard (D)
  2 rats (D)
  A ball lightning (D)
  2 starspawn tentacles (D)
574 creatures vanquished.

Vanquished Creatures (others)
  A deep elf blademaster (D)
  2 hydras (D)
  A rakshasa (D)
  A merfolk aquamancer (D)
  A swamp drake (D)
  2 foxfires (D)
  A starspawn tentacle (D)
9 creatures vanquished.

Grand Total: 583 creatures vanquished

Notes
Turn   | Place    | Note
-------+----------+-------------------------------------------
     0 | D        | ragingrage the Minotaur Gladiator began the quest for the
                  | Orb.
     0 | D        | Reached XP level 1. HP: 18/18 MP: 0/0
     7 | D        | Reached skill level 5 in Polearms
    33 | D        | Noticed an ogre
    33 | D        | Noticed an iguana
    33 | D        | Noticed a jelly
    33 | D        | Noticed a hound
    35 | D        | Killed an ogre
    36 | D        | Reached XP level 2. HP: 25/25 MP: 1/1
    36 | D        | Reached XP level 3. HP: 30/30 MP: 2/2
    36 | D        | Reached XP level 4. HP: 37/37 MP: 3/3
    44 | D        | Reached XP level 5. HP: 42/42 MP: 4/4
    51 | D        | Found a snail-covered altar of Cheibriados.
    51 | D        | Found a shadowy altar of Dithmenos.
    51 | D        | Found a white marble altar of Elyvilon.
    51 | D        | Found a blossoming altar of Fedhas.
    51 | D        | Found an opulent altar of Gozag.
    52 | D        | Found a hazy altar of Hepliaklqana.
    55 | D        | Found a viscous altar of Jiyva.
    56 | D        | Found an ancient bone altar of Kikubaaqudgha.
    57 | D        | Found a corrupted altar of Lugonu.
    58 | D        | Found a burning altar of Makhleb.
    59 | D        | Found a sparkling altar of Nemelex Xobeh.
    60 | D        | Found an iron altar of Okawaru.
    61 | D        | Found a stormy altar of Qazlal.
    62 | D        | Found a sacrificial altar of Ru.
    63 | D        | Found a shimmering blue altar of Sif Muna.
    64 | D        | Found a bloodstained altar of Trog.
    65 | D        | Found a hide-covered altar of Uskayaw.
    66 | D        | Found a radiant altar of Vehumet.
    67 | D        | Found an ornate altar of the Wu Jian Council.
    68 | D        | Became a worshipper of Warmaster Okawaru
    69 | D        | Found a shimmering altar of Xom.
    70 | D        | Found a basalt altar of Yredelemnul.
    71 | D        | Found a glowing silver altar of Zin.
    72 | D        | Found a glowing golden altar of the Shining One.
   146 | D        | Noticed a vampire mosquito
   146 | D        | Noticed a two-headed ogre
   146 | D        | Noticed a yak
   149 | D        | Killed a vampire mosquito
   150 | D        | Reached XP level 6. HP: 51/61 MP: 5/5
   152 | D        | Killed a two-headed ogre
   152 | D        | Reached * piety under Okawaru
   153 | D        | Reached skill level 15 in Fighting
   153 | D        | Reached XP level 7. HP: 70/83 MP: 6/6
   167 | D        | Killed a yak
   168 | D        | Reached XP level 8. HP: 82/93 MP: 7/7
   225 | D        | Noticed a red ugly thing
   225 | D        | Noticed a gargoyle
   225 | D        | Noticed an efreet
   225 | D        | Noticed a cyclops
   225 | D        | Noticed a cyclops
   225 | D        | Noticed a skeletal warrior
   235 | D        | Killed a red ugly thing
   235 | D        | Reached ** piety under Okawaru
   237 | D        | Killed a gargoyle
   238 | D        | Reached skill level 5 in Armour
   241 | D        | Killed an efreet
   241 | D        | Reached *** piety under Okawaru
   242 | D        | Reached skill level 5 in Throwing
   242 | D        | Reached XP level 9. HP: 62/102 MP: 6/11
   248 | D        | Killed a cyclops
   249 | D        | Reached skill level 5 in Invocations
   254 | D        | Killed a cyclops
   254 | D        | Reached **** piety under Okawaru
   264 | D        | Killed a skeletal warrior
   693 | D        | Noticed Urug
   729 | D        | Killed Urug
   730 | D        | Reached skill level 15 in Polearms
   730 | D        | Reached XP level 10. HP: 84/113 MP: 9/12
   917 | D        | Got the Parchment of the Magi
   930 | D        | Noticed a cane toad
   930 | D        | Noticed a seven-headed hydra
   931 | D        | Noticed a cane toad
   941 | D        | Killed a five-headed hydra
   941 | D        | Reached ***** piety under Okawaru
   941 | D        | Received a gift from Okawaru
   941 | D        | Noticed a lindwurm
   945 | D        | Killed a cane toad
   952 | D        | Noticed a cane toad
   957 | D        | Killed a cane toad
   957 | D        | Received a gift from Okawaru
   968 | D        | Killed a lindwurm
   969 | D        | Reached skill level 10 in Throwing
   971 | D        | Killed a cane toad
  1153 | D        | Noticed a death yak
  1162 | D        | Received a gift from Okawaru
  1163 | D        | Noticed an elephant
  1166 | D        | Killed a death yak
  1175 | D        | Reached XP level 11. HP: 66/124 MP: 11/13
  1180 | D        | Received a gift from Okawaru
  1436 | D        | Reached ****** piety under Okawaru
  1436 | D        | Received a gift from Okawaru
  1650 | D        | Noticed an orc knight
  1661 | D        | Killed an orc knight
  1752 | D        | Noticed an orc knight
  1760 | D        | Noticed an orc high priest
  1765 | D        | Killed an orc knight
  1778 | D        | Killed an orc high priest
  2082 | D        | Found Lenuaha's Magic Scroll Emporium.
  2082 | D        | Noticed an orc sorcerer
  2087 | D        | Found Wuph's Jewellery Shoppe.
  2087 | D        | Paralysed by an orc sorcerer for 2 turns
  2090 | D        | Killed an orc sorcerer
  2090 | D        | Received a gift from Okawaru
  2096 | D        | Found Nuhyguis's Armour Emporium.
  2101 | D        | Noticed an orc sorcerer
  2103 | D        | Noticed an orc sorcerer
  2105 | D        | Found Meethep's Antique Weapon Shoppe.
  2107 | D        | Killed an orc sorcerer
  2109 | D        | Noticed an orc sorcerer
  2114 | D        | Killed an orc sorcerer
  2115 | D        | Received a gift from Okawaru
  2115 | D        | Killed an orc sorcerer
  2289 | D        | Bought a +0 pair of boots of rampaging for 126 gold pieces
  2289 | D        | Bought a +4 chain mail of willpower for 346 gold pieces
  2315 | D        | Bought an amulet of regeneration for 330 gold pieces
  2383 | D        | Noticed Erica
  2389 | D        | Killed Erica
  2390 | D        | Reached skill level 15 in Throwing
  2403 | D        | Noticed Harold
  2410 | D        | Killed Harold
  2573 | D        | Noticed a deep elf pyromancer
  2573 | D        | Noticed a skeletal warrior
  2573 | D        | Noticed a red ugly thing
  2579 | D        | Killed a deep elf pyromancer
  2579 | D        | Received a gift from Okawaru
  2580 | D        | Reached XP level 12. HP: 136/136 MP: 11/15
  2580 | D        | Noticed a centaur warrior
  2582 | D        | Noticed a rakshasa
  2584 | D        | Noticed a stone giant
  2589 | D        | Noticed a stone giant
  2592 | D        | Noticed a stone giant
  2597 | D        | Killed a centaur warrior
  2600 | D        | Noticed a stone giant
  2601 | D        | Noticed a deep troll shaman
  2605 | D        | Noticed a rakshasa
  2609 | D        | Noticed a brown very ugly thing
  2613 | D        | Killed a deep troll shaman
  2614 | D        | Noticed a brown very ugly thing
  2615 | D        | Killed a rakshasa
  2617 | D        | Killed a stone giant
  2618 | D        | Noticed a fire dragon
  2621 | D        | Killed a stone giant
  2621 | D        | Killed a stone giant
  2624 | D        | Killed a brown very ugly thing
  2624 | D        | Received a gift from Okawaru
  2627 | D        | Killed a rakshasa
  2633 | D        | Killed a fire dragon
  2633 | D        | Identified the +10 glaive of Overwhelming Force {holy,
                  | rElec Will+ rCorr Str+6} (Okawaru gifted it to you in the
                  | Dungeon)
  2633 | D        | Received a gift from Okawaru
  2779 | D        | Noticed a salamander tyrant
  2784 | D        | Killed a salamander tyrant
  2789 | D        | Noticed an anaconda
  2792 | D        | Reached skill level 5 in Dodging
  2793 | D        | Reached skill level 10 in Armour
  2798 | D        | Killed an anaconda
  2859 | D        | Noticed a shambling mangrove
  2864 | D        | Reached XP level 13. HP: 123/156 MP: 17/17
  2867 | D        | Received a gift from Okawaru
  3029 | D        | Identified the +5 ring mail of Darkness {+Blink rC- Int+8
                  | Dex-3} (Okawaru gifted it to you in the Dungeon)
  3029 | D        | Received a gift from Okawaru
  3162 | D        | Reached skill level 27 in Fighting
  3350 | D        | Noticed Nessos
  3362 | D        | Killed Nessos
  3437 | D        | Noticed Maurice
  3451 | D        | Killed Maurice
  3515 | D        | Noticed a stone giant
  3515 | D        | Noticed a lich
  3515 | D        | Noticed a frost giant
  3515 | D        | Noticed a white very ugly thing
  3515 | D        | Noticed a spark wasp
  3524 | D        | Killed a stone giant
  3525 | D        | Reached skill level 15 in Armour
  3525 | D        | Reached skill level 1 in Evocations
  3525 | D        | Noticed an ettin
  3527 | D        | Killed a lich
  3530 | D        | Noticed a green very ugly thing
  3532 | D        | Killed a spark wasp
  3532 | D        | Killed an ettin
  3533 | D        | Reached skill level 5 in Evocations
  3534 | D        | Killed a frost giant
  3534 | D        | Noticed a fire dragon
  3536 | D        | Killed a white very ugly thing
  3536 | D        | Received a gift from Okawaru
  3537 | D        | Noticed a fire dragon
  3541 | D        | Killed a green very ugly thing
  3541 | D        | Noticed a storm dragon
  3542 | D        | Noticed a frost giant
  3545 | D        | Killed a fire dragon
  3546 | D        | Reached XP level 14. HP: 107/168 MP: 12/18
  3551 | D        | Noticed a lich
  3553 | D        | Killed a storm dragon
  3554 | D        | Noticed a stone giant
  3558 | D        | Killed a frost giant
  3565 | D        | Killed a lich
  3570 | D        | Killed a stone giant
  3577 | D        | Received a gift from Okawaru
  3669 | D        | Reached skill level 10 in Evocations
  3669 | D        | Noticed an ironbound preserver
  3672 | D        | Noticed a sphinx
  3673 | D        | Received a gift from Okawaru
  3689 | D        | Reached skill level 10 in Dodging
  3693 | D        | Killed an ironbound preserver
  3693 | D        | Received a gift from Okawaru
  3693 | D        | Killed a sphinx
  3696 | D        | Noticed an orc warlord
  3698 | D        | Noticed an ironbound preserver
  3704 | D        | Killed an orc warlord
  3713 | D        | Killed an ironbound preserver
  3714 | D        | Reached skill level 10 in Invocations
  3715 | D        | Noticed an ironbound preserver
  3719 | D        | Noticed a vault warden
  3744 | D        | Killed a vault warden
  3746 | D        | Killed an ironbound preserver
  4162 | D        | Bought a scroll of brand weapon for 95 gold pieces
  4162 | D        | Bought a scroll of brand weapon for 95 gold pieces
  4162 | D        | Bought a scroll of brand weapon for 95 gold pieces
  4162 | D        | Bought a scroll of poison for 40 gold pieces
  4162 | D        | Bought a scroll of magic mapping for 75 gold pieces
  4607 | D        | Noticed Snorg
  4613 | D        | Killed Snorg
  4631 | D        | Noticed Mennas
  4646 | D        | Killed Mennas
  4646 | D        | Received a gift from Okawaru
  4898 | D        | Noticed Nikola
  4911 | D        | Killed Nikola
  4967 | D        | Noticed a nagaraja
  4967 | D        | Noticed a nagaraja
  4969 | D        | Killed a nagaraja
  4971 | D        | Noticed a nagaraja
  4975 | D        | Noticed a nagaraja
  4979 | D        | Killed a nagaraja
  4986 | D        | Noticed a nagaraja
  4993 | D        | Killed a nagaraja
  4994 | D        | Noticed a nagaraja
  4995 | D        | Reached XP level 15. HP: 103/174 MP: 15/22
  4996 | D        | Killed a nagaraja
  4998 | D        | Killed a nagaraja
  5003 | D        | Killed a nagaraja
  5009 | D        | Got a serpentine rune of Zot
  5195 | D        | Noticed an emperor scorpion
  5195 | D        | Noticed an emperor scorpion
  5195 | D        | Noticed an emperor scorpion
  5210 | D        | Killed an emperor scorpion
  5217 | D        | Killed an emperor scorpion
  5217 | D        | Received a gift from Okawaru
  5218 | D        | Reached skill level 15 in Dodging
  5225 | D        | Killed an emperor scorpion
  5253 | D        | Noticed an emperor scorpion
  5254 | D        | Noticed an emperor scorpion
  5254 | D        | Noticed an emperor scorpion
  5256 | D        | Noticed an emperor scorpion
  5261 | D        | Killed an emperor scorpion
  5263 | D        | Noticed an emperor scorpion
  5267 | D        | Killed an emperor scorpion
  5271 | D        | Killed an emperor scorpion
  5278 | D        | Killed an emperor scorpion
  5290 | D        | Killed an emperor scorpion
  5292 | D        | Got a gossamer rune of Zot
  5587 | D        | Noticed Ilsuiw
  5609 | D        | Killed Ilsuiw
  5627 | D        | Received a gift from Okawaru
  5627 | D        | Found the +3 warlock's mirror {reflect}
  5643 | D        | Got a barnacled rune of Zot
  5882 | D        | Noticed Frederick
  5891 | D        | Killed Frederick
  5943 | D        | Noticed Mara
  5952 | D        | Killed Mara
  5952 | D        | Noticed Louise
  5965 | D        | Killed Louise
  6101 | D        | Reached XP level 16. HP: 172/183 MP: 10/25
  6133 | D        | Reached skill level 15 in Invocations
  6309 | D        | Reached skill level 27 in Polearms
  6323 | D        | Received a gift from Okawaru
  6442 | D        | Noticed an ancient lich
  6457 | D        | Killed an ancient lich
  6457 | D        | Received a gift from Okawaru
  6472 | D        | Noticed a shadow dragon
  6478 | D        | Noticed a shadow dragon
  6482 | D        | Noticed a tengu reaver
  6485 | D        | Killed a shadow dragon
  6491 | D        | Killed a shadow dragon
  6497 | D        | Killed a tengu reaver
  6618 | D        | Noticed a shadow dragon
  6618 | D        | Noticed a golden dragon
  6618 | D        | Noticed a golden dragon
  6618 | D        | Noticed a shadow dragon
  6624 | D        | Identified the ring "Ryivoal" {rElec rF+ rC++ MP+9 Dex-2}
  6624 | D        | Noticed a quicksilver dragon
  6627 | D        | Killed a golden dragon
  6634 | D        | Killed a golden dragon
  6640 | D        | Killed a shadow dragon
  6641 | D        | Noticed a shadow dragon
  6649 | D        | Killed a shadow dragon
  6664 | D        | Identified the +3 ring mail of Hangman {*Corrode +Blink
                  | Int-5 SInv}
  6669 | D        | Killed a shadow dragon
  6673 | D        | Killed a quicksilver dragon
  6675 | D        | Got a silver rune of Zot
  6678 | D        | Identified the ring "Giocaops" {rF- MP+9 Dex+5}
  6824 | D        | Noticed a tengu reaver
  6825 | D        | Noticed Sojobo
  6831 | D        | Noticed a tengu reaver
  6837 | D        | Killed a tengu reaver
  6838 | D        | Reached skill level 27 in Armour
  6850 | D        | Killed Sojobo
  6853 | D        | Killed a tengu reaver
  6853 | D        | Identified the +10 halberd of Absolutism {chaos, Str+2}
                  | (Okawaru gifted it to you in the Dungeon)
  6853 | D        | Received a gift from Okawaru
  6928 | D        | Noticed Boris
  6936 | D        | Killed Boris
  6939 | D        | Noticed Agnes
  6945 | D        | Killed Agnes
  6999 | D        | Got the ring of Muste {Will+ rCorr SInv}
  7001 | D        | Got the amulet of Contentment {Regen+ Int+3}
  7003 | D        | Got the amulet "Koxyigh" {Reflect rN+ Dex+4 SH+5}
  7005 | D        | Got the ring of Ynoy {rF+ Int+3}
  7007 | D        | Got the amulet "Guaw Doa" {rElec Regen+ rCorr Dex+3 Slay+2}
  7197 | D        | Noticed a lich
  7197 | D        | Noticed a caustic shrike
  7202 | D        | Killed a lich
  7203 | D        | Reached XP level 17. HP: 191/191 MP: 30/30
  7206 | D        | Reached skill level 27 in Dodging
  7206 | D        | Reached skill level 1 in Ranged Weapons
  7208 | D        | Killed a caustic shrike
  7221 | D        | Reached skill level 5 in Ranged Weapons
  7302 | D        | Reached skill level 15 in Evocations
  7312 | D        | Noticed a bone dragon
  7321 | D        | Received a gift from Okawaru
  7327 | D        | Killed a bone dragon
  7518 | D        | Received a gift from Okawaru
  7599 | D        | Noticed a tentacled monstrosity
  7599 | D        | Noticed a curse toe
  7601 | D        | Killed a tentacled monstrosity
  7601 | D        | Received a gift from Okawaru
  7602 | D        | Reached skill level 1 in Stealth
  7605 | D        | Noticed a tentacled monstrosity
  7606 | D        | Killed a curse toe
  7610 | D        | Killed a tentacled monstrosity
  7716 | D        | Noticed a tentacled monstrosity
  7716 | D        | Noticed a tentacled monstrosity
  7726 | D        | Killed a tentacled monstrosity
  7727 | D        | Reached skill level 5 in Stealth
  7734 | D        | Killed a tentacled monstrosity
  7741 | D        | Received a gift from Okawaru
  7867 | D        | Received a gift from Okawaru
  7879 | D        | Noticed a golden dragon
  7886 | D        | Killed a golden dragon
  8125 | D        | Noticed an Orb Guardian
  8125 | D        | Noticed an Orb Guardian
  8125 | D        | Noticed an Orb Guardian
  8125 | D        | Noticed an Orb Guardian
  8125 | D        | Noticed an Orb Guardian
  8125 | D        | Noticed an Orb Guardian
  8137 | D        | Killed an Orb Guardian
  8143 | D        | Killed an Orb Guardian
  8148 | D        | Killed an Orb Guardian
  8151 | D        | Killed an Orb Guardian
  8152 | D        | Reached skill level 10 in Stealth
  8157 | D        | Killed an Orb Guardian
  8159 | D        | Killed an Orb Guardian
  8159 | D        | Noticed an Orb Guardian
  8160 | D        | Noticed an Orb Guardian
  8161 | D        | Noticed an Orb Guardian
  8161 | D        | Noticed an Orb Guardian
  8166 | D        | Killed an Orb Guardian
  8167 | D        | Reached XP level 18. HP: 153/200 MP: 12/32
  8172 | D        | Killed an Orb Guardian
  8176 | D        | Killed an Orb Guardian
  8181 | D        | Killed an Orb Guardian
  8181 | D        | Identified the +3 scale mail of Kefouby {+Blink rC- Regen+
                  | Str+6} (Okawaru gifted it to you in the Dungeon)
  8181 | D        | Received a gift from Okawaru
  8320 | D        | Noticed an Orb Guardian
  8320 | D        | Noticed an Orb Guardian
  8320 | D        | Noticed a golden dragon
  8321 | D        | Noticed an Orb Guardian
  8322 | D        | Killed an Orb Guardian
  8325 | D        | Noticed an Orb Guardian
  8326 | D        | Killed an Orb Guardian
  8328 | D        | Killed a golden dragon
  8332 | D        | Killed an Orb Guardian
  8336 | D        | Killed an Orb Guardian
  8385 | D        | Noticed an ancient lich
  8393 | D        | Killed an ancient lich
  8396 | D        | Noticed an orb of fire
  8397 | D        | Gained mutation: Your magical capacity is low. (-10% MP)
                  | [an orb of fire]
  8401 | D        | Killed an orb of fire
  8405 | D        | Noticed an electric golem
  8418 | D        | Killed an electric golem
  8506 | D        | Noticed an ancient lich
  8506 | D        | Noticed an orb of fire
  8506 | D        | Noticed an ancient lich
  8511 | D        | Noticed an orb of fire
  8512 | D        | Killed an ancient lich
  8513 | D        | Reached skill level 15 in Stealth
  8514 | D        | Killed an ancient lich
  8514 | D        | Gained mutation: You occasionally shout uncontrollably at
                  | your foes. [an orb of fire]
  8515 | D        | Noticed an electric golem
  8519 | D        | Killed an orb of fire
  8520 | D        | Reached skill level 27 in Invocations
  8522 | D        | Noticed an orb of fire
  8522 | D        | Gained mutation: You sometimes lose your temper in combat.
                  | [an orb of fire]
  8525 | D        | Gained mutation: You have a somewhat thin skeletal
                  | structure. (Dex +2, Stealth+) [an orb of fire]
  8529 | D        | Killed an orb of fire
  8529 | D        | Received a gift from Okawaru
  8529 | D        | Killed an electric golem
  8530 | D        | Received a gift from Okawaru
  8535 | D        | Noticed an orb of fire
  8543 | D        | Killed an orb of fire
  8551 | D        | Killed an orb of fire
  8561 | D        | Identified the +7 rapier of Okawaru's Condemnation {flame,
                  | Drain Fly rElec} (Okawaru gifted it to you in the Dungeon)
  8561 | D        | Received a gift from Okawaru
  8664 | D        | Noticed an Orb Guardian
  8664 | D        | Noticed an Orb Guardian
  8664 | D        | Noticed an Orb Guardian
  8664 | D        | Noticed an Orb Guardian
  8664 | D        | Noticed an Orb Guardian
  8664 | D        | Noticed an Orb Guardian
  8669 | D        | Killed an Orb Guardian
  8674 | D        | Killed an Orb Guardian
  8679 | D        | Killed an Orb Guardian
  8683 | D        | Killed an Orb Guardian
  8690 | D        | Killed an Orb Guardian
  8694 | D        | Killed an Orb Guardian
  8793 | D        | Noticed an Orb Guardian
  8794 | D        | Noticed an Orb Guardian
  8794 | D        | Noticed an Orb Guardian
  8795 | D        | Noticed an Orb Guardian
  8795 | D        | Noticed an Orb Guardian
  8798 | D        | Killed an Orb Guardian
  8802 | D        | Killed an Orb Guardian
  8806 | D        | Killed an Orb Guardian
  8806 | D        | Received a gift from Okawaru
  8811 | D        | Killed an Orb Guardian
  8819 | D        | Killed an Orb Guardian
  8820 | D        | Reached XP level 19. HP: 193/207 MP: 18/31
  8830 | D        | Received a gift from Okawaru
  9010 | D        | Noticed an ancient lich
  9011 | D        | Noticed an ancient lich
  9015 | D        | Killed an ancient lich
  9016 | D        | Identified the +1 buckler of Kureczump {Fly rElec Str-2
                  | Stlth+} (Okawaru gifted it to you in the Dungeon)
  9016 | D        | Received a gift from Okawaru
  9024 | D        | Killed an ancient lich
  9025 | D        | Reached skill level 27 in Stealth
  9042 | D        | Reached skill level 5 in Unarmed Combat
  9221 | D        | Reached skill level 10 in Unarmed Combat
  9247 | D        | Got an elven rune of Zot
  9349 | D        | Paralysed by a floating eye for 3 turns
  9350 | D        | Noticed the Royal Jelly
  9369 | D        | Killed the Royal Jelly
  9400 | D        | Received a gift from Okawaru
  9402 | D        | Reached skill level 15 in Unarmed Combat
  9404 | D        | Identified the +2 acid dragon scales of Muttered Phrases
                  | {rCorr Stlth+} (Okawaru gifted it to you in the Dungeon)
  9404 | D        | Received a gift from Okawaru
  9405 | D        | Reached skill level 27 in Throwing
  9411 | D        | Got a slimy rune of Zot
 10104 | D        | Reached XP level 20. HP: 53/216 MP: 32/32
 10476 | D        | Noticed a royal mummy
 10476 | D        | Noticed a royal mummy
 10476 | D        | Noticed a royal mummy
 10476 | D        | Noticed a royal mummy
 10476 | D        | Noticed a royal mummy
 10480 | D        | Killed a royal mummy
 10482 | D        | Killed a royal mummy
 10484 | D        | Killed a royal mummy
 10484 | D        | Killed a royal mummy
 10484 | D        | Killed a royal mummy
 10517 | D        | Reached skill level 27 in Evocations
 10524 | D        | Noticed a royal mummy
 10531 | D        | Killed a royal mummy
 10531 | D        | Identified the +4 scale mail of Resourcefulness {Str+6
                  | Stlth+} (Okawaru gifted it to you in the Dungeon)
 10531 | D        | Received a gift from Okawaru
 10953 | D        | Got a golden rune of Zot
 11005 | D        | Got an abyssal rune of Zot
 11331 | D        | Noticed Geryon
 11345 | D        | Killed Geryon
 11404 | D        | Found the +7 sceptre of Asmodeus
 11404 | D        | Noticed Asmodeus
 11404 | D        | Noticed Mnoleg
 11407 | D        | Found the +4 staff of Dispater
 11407 | D        | Noticed Dispater
 11412 | D        | Noticed Lom Lobon
 11416 | D        | Noticed Ereshkigal
 11419 | D        | Killed Mnoleg
 11420 | D        | Reached skill level 27 in Unarmed Combat
 11420 | D        | Reached skill level 1 in Spellcasting
 11427 | D        | Killed Asmodeus
 11428 | D        | Reached skill level 10 in Ranged Weapons
 11428 | D        | Reached skill level 5 in Spellcasting
 11428 | D        | Killed Dispater
 11434 | D        | Killed Lom Lobon
 11445 | D        | Killed Ereshkigal
 11446 | D        | Reached skill level 15 in Ranged Weapons
 11482 | D        | Noticed Gloorx Vloq
 11492 | D        | Killed Gloorx Vloq
 11533 | D        | Noticed Antaeus
 12470 | D        | Found the +6 sword of Cerebov {flame}
 12470 | D        | Noticed Cerebov
 12490 | D        | Killed Cerebov
 12555 | D        | Killed Antaeus
 12926 | D        | Got an obsidian rune of Zot
 12930 | D        | Got a glowing rune of Zot
 12945 | D        | Got an iron rune of Zot
 12949 | D        | Got a magical rune of Zot
 12953 | D        | Got a bone rune of Zot
 12957 | D        | Got an icy rune of Zot
 12961 | D        | Got a dark rune of Zot
 12965 | D        | Got a fiery rune of Zot
 13929 | D        | Got a decaying rune of Zot
 14481 | D        | Got the Orb of Zot
 14692 | D        | Received a gift from Okawaru
 14741 | D        | Noticed a golden dragon
 15177 | D        | Received a gift from Okawaru
 15426 | D        | Received a gift from Okawaru
 15427 | D        | Reached XP level 21. HP: 224/224 MP: 34/34
 15445 | D        | Noticed Wogaock the pandemonium lord
 15453 | D        | Killed Wogaock the pandemonium lord
 15464 | D        | Reached skill level 15 in Spellcasting
 15497 | D        | Received a gift from Okawaru
 15952 | D        | Received a gift from Okawaru
 15991 | D        | Received a gift from Okawaru
 16406 | D        | Noticed Boris
 16417 | D        | Killed Boris
 16663 | D        | Reached skill level 27 in Ranged Weapons
 16668 | D        | Escaped with the Orb!

Illustrated notes

Levels and vault maps discovered:
D:        linesprint [early_d, line_temple, items_1, d_10, items_2, lair_1,
          lair_end, items_3, orc_1, orc_end, items_4, d_15, swamp_1, shoals_1,
          snake_1, spider_1, d_20, vaults_1, items_5, swamp_end, shoals_end,
          snake_end, spider_end, vaults_end, d_27, items_6, zot_1, zot_end,
          crypt_end, forest_end, elf_end, slime_end, tomb_end, abyss_end,
          pan_hell_end]

Skill      XL: |  1  2  3  4  5  6  7  8  9 10 11 12 13 14 15 16 17 18 19 20 21 |
---------------+----------------------------------------------------------------+-----
Polearms       | 11 13 14 15 18 20 24 26 27 | 27.0
Fighting       | 7 15 16 17 18 20 21 26 27 | 27.0
Throwing       | 5 8 11 16 18 22 24 27 | 27.0
Armour         | 5 9 10 15 19 22 27 | 27.0
Invocations    | 4 5 6 7 11 14 20 23 27 | 27.0
Dodging        | 6 8 13 20 26 27 | 27.0
Evocations     | 8 13 14 19 20 25 27 | 27.0
Ranged Weapons | 6 22 27 | 27.0
Stealth        | 10 24 27 | 27.0
Unarmed Combat | 20 27 | 27.0
Spellcasting   | 14 18 | 18.2

Action                   |  1- 3 |  4- 6 |  7- 9 | 10-12 | 13-15 | 16-18 | 19-21 || total
-------------------------+-------+-------+-------+-------+-------+-------+-------++-------
Melee: Trident           |     8 |     9 |       |       |       |       |       ||    17
       Headbutt          |     2 |     2 |    17 |    40 |    90 |   111 |   141 ||   403
       Halberd           |       |     4 |    64 |   218 |       |       |       ||   286
       Battleaxe         |       |       |       |     2 |    20 |       |       ||    22
       Glaive            |       |       |       |    20 |   410 |   568 |   518 ||  1516
Throw: Throwing net      |       |     2 |       |       |     3 |     1 |       ||     6
       Javelin           |       |       |       |    20 |    25 |    35 |    45 ||   125
       Dart              |       |       |       |       |     5 |       |     6 ||    11
Invok: Heroism           |       |       |     2 |     8 |     4 |     1 |       ||    15
       Finesse           |       |       |       |       |     9 |    13 |    12 ||    34
Evoke: Wand              |       |       |       |     2 |     4 |       |       ||     6
  Use: Potion            |     1 |       |     1 |     1 |       |       |     3 ||     6
       Scroll            |       |       |       |       |    15 |     3 |     1 ||    19
 Stab: Held in net/web   |       |     1 |       |       |     1 |       |       ||     2
       Invisible         |       |       |     3 |       |     1 |       |    11 ||    15
       Distracted        |       |       |       |       |       |       |     3 ||     3
       Sleeping          |       |       |       |       |       |       |     1 ||     1
Armor: Leather armour    |     1 |     1 |       |       |       |       |       ||     2
       Ring mail         |       |     1 |    16 |    56 |       |       |       ||    73
       Chain mail        |       |       |       |    27 |    20 |       |       ||    47
       Gold dragon scale |       |       |       |       |   129 |   148 |   147 ||   424
       Fire dragon scale |       |       |       |       |    12 |       |       ||    12
Dodge: Dodged            |     3 |     3 |     9 |    77 |   106 |   139 |   155 ||   492
Block: Other             |       |       |       |       |       |       |    22 ||    22

Table legend: (Time is in decaauts) A = Elapsed time spent in this place. B = Non-inter-level travel time spent in this place. C = Inter-level travel time spent in this place. D = Time resting spent in this place. E = Time spent auto-exploring this place. F = Levels seen in this place. G = Mean time per level. A B C D E F G +--------+--------+--------+--------+--------+-----+--------+ Total | 15853 | 12284 | 3569 | 6071 | 3061 | 1 | 15853.0 | Dungeon | 15853 | 12284 | 3569 | 6071 | 3061 | 1 | 15853.0 | +--------+--------+--------+--------+--------+-----+--------+

Top non-repeatable levels by time:
       D: 15853 daAuts
